 Dungeon Crawl Stone Soup version 0.16-a0-3178-g2c88c44 (webtiles) character file.

630 RobertPalmer the Prestidigitator (level 7, 43/43 HPs)
             Began as an Octopode Artificer on Dec 16, 2014.
             Was an Initiate of Trog.
             Quit the game on level 4 of the Dungeon.
             The game lasted 00:08:29 (4159 turns).

RobertPalmer the Prestidigitator (OpAr)             Turns: 4159, Time: 00:08:29

Health: 43/43      AC:  1    Str: 11    XL:     7   Next: 48%
Magic:  18/18      EV: 15    Int: 14    God:    Trog [......]
Gold:   253        SH:  0    Dex: 14    Spells: 0 memorised, 6 levels left

rFire  . . .     SeeInvis .     a - +2 dagger (venom)
rCold  . . .     Clarity  .     (no shield)
rNeg   . . .     SustAb   .     (helmet restricted)
rPois  .         Gourm    .     o - amulet of regeneration
rElec  .         Spirit   .     x - ring of flight
rCorr  .         Warding  .     i - +3 ring of evasion (curse)
rMut   .         Stasis   .     (no ring)
MR     .....                    (no ring)
Stlth  +++.......               (no ring)
                                (no ring)
                                (no ring)
                                (no ring)

@: not resistant to hostile enchantments, fairly stealthy
A: almost no armour, amphibious, 8 rings, constrict 8, camouflage 1, gelatinous
body 1
a: Burn Spellbooks, Renounce Religion, Evoke Flight


You were on level 4 of the Dungeon.
You worshipped Trog.
Trog was noncommittal.
You were hungry.

You visited 2 branches of the dungeon, and saw 5 of its levels.

You collected 253 gold pieces.


Innate Abilities, Weirdness & Mutations

You cannot wear most types of armour.
You are amphibious.
You can wear up to eight rings at the same time.
You can use your tentacles to constrict many enemies at once.
Your skin changes colour to match your surroundings (Stealth).
Your rubbery body absorbs attacks (AC +1).


   Skills:
 - Level 1.0 Fighting
 - Level 1.0 Short Blades
 - Level 2.0 Dodging
 - Level 1.3 Stealth
 + Level 10.0 Evocations


You had 6 spell levels left.
You didn't know any spells.

Inventory:

Hand weapons
 a - a +2 dagger of venom (weapon)
 b - a +2 flail of protection
 t - a +1 dagger of holy wrath
Missiles
 G - 17 poisoned needles
Jewellery
 i - a cursed +3 ring of evasion (right tentacle)
 o - an amulet of regeneration (around mantle)
 x - a ring of flight (left tentacle)
 E - a +5 ring of slaying {unknown}
Magical devices
 c - a wand of enslavement (10)
 d - a wand of random effects (12)
 I - a wand of flame (6)
Scrolls
 g - 2 scrolls of teleportation
 l - a scroll of random uselessness {unknown}
 n - 2 scrolls of blinking {unknown}
 p - a scroll of enchant weapon {unknown}
 u - 2 scrolls of remove curse
 w - a scroll of enchant armour {unknown}
 y - a scroll of fear {unknown}
 H - 2 scrolls of identify
Potions
 e - 2 potions of might {unknown}
 h - 2 potions of cure mutation {unknown}
 j - a potion of ambrosia {unknown}
 k - a potion of beneficial mutation {unknown}
 q - 2 potions of heal wounds {unknown}
 r - 4 potions of agility {unknown}
 s - 2 potions of haste {unknown}
 z - a potion of lignification {unknown}
 A - a potion of restore abilities {unknown}
 B - 3 potions of curing {unknown}
 F - a potion of mutation {unknown}
Comestibles
 f - 4 bread rations
 m - a royal jelly
 v - 8 fruits

Dungeon Overview and Level Annotations

Branches:
Dungeon (4/15)             Temple (1/1) D:4

Altars:
Fedhas
Gozag
Nemelex Xobeh
Okawaru
Trog
Xom
Zin
The Shining One

.######...#.....<..#
#..
.'....#...#.....S..#
#######.†
.####.###)#........#
#........
.#....)[).#........#
#........
.+....######..##'###
#........
.#....#...)...)..<#
#........
.#....#.#####..#.##
#........
.###......# ##.#.#
#........
...'......# #..x#
#........
####......# ##..#
#........ .#
#......# #..#
#........ .#
#......# #..#
#........ .#
#......# #..#
######### .#
#......# #..# .#
#......# ##># .#
#......# #.#
.###>.....# #.#


You could see an adder.


Message History

Found a glowing sapphire potion.
H - 2 scrolls of identify (gained 1)
There is a fountain of clear blue water here.
r - 4 glowing sapphire potions (gained 1)
There is a dry fountain here.
Found a staircase to the Ecumenical Temple.
There is a staircase to the Ecumenical Temple here.
You climb downwards.
Welcome to the Ecumenical Temple!
Found four altars.
There is a staircase back to the Dungeon here.
There is a bloodstained altar of Trog here.
You curl up in front of the altar of Trog.
Trog welcomes you!
You can now call upon Trog to burn spellbooks in your surroundings.
There is a staircase back to the Dungeon here.
Found an opulent altar of Gozag and a glowing silver altar of Zin.
There is a staircase back to the Dungeon here.
You climb upwards.
Welcome back to the Dungeon!
There is a staircase to the Ecumenical Temple here.
There is a fountain of clear blue water here.
There is a stone staircase leading down here.
The adder is too close now for your liking.
An adder is nearby!
An adder is nearby!
An adder is nearby!
An adder is nearby!
An adder is nearby!
Quiver which item? (- for none, * to show all) (? for menu, Esc to quit)
Okay, then.
Are you sure you want to abandon this character and quit the game? (Confirm with "yes".)

Action                   |  1- 3 |  4- 6 |  7- 9 || total
-------------------------+-------+-------+-------++-------
Melee: Short sword       |    61 |       |       ||    61
       Hand axe          |     5 |    66 |       ||    71
       Flail             |       |    43 |    23 ||    66
       Dagger            |       |       |     6 ||     6
Evoke: Wand              |     4 |     6 |     7 ||    17
  Use: Scroll            |     2 |     1 |       ||     3
 Stab: Sleeping          |     4 |     5 |       ||     9
  Eat: Chunk             |     1 |     8 |     1 ||    10

Vault maps used:
D:1:      dpeg_arrival_stonehenge_12_columns
D:2:      uniq_terence, uniq_robin
D:3:      lemuel_coloured_pillars_altar, okawaru_ov_weapons_minmay,
          minmay_misc_feat_x, minivault_27, fedhas_altar_fruit_tree,
          uniq_jessica
D:4:      minmay_temple_entry_nine_rooms
Temple:   zaba_magenta_temple_12

Notes
Turn   | Place    | Note
--------------------------------------------------------------
     0 | D:1      | RobertPalmer, the Octopode Artificer, began the quest for the Orb.
     0 | D:1      | Reached XP level 1. HP: 13/13 MP: 1/1
   272 | D:1      | Reached skill level 4 in Evocations
   272 | D:1      | Reached XP level 2. HP: 18/18 MP: 3/3
   609 | D:2      | Noticed Robin
   948 | D:2      | Reached XP level 3. HP: 21/23 MP: 5/5
  1003 | D:2      | Reached skill level 5 in Evocations
  1320 | D:2      | Killed Robin
  1320 | D:2      | Reached XP level 4. HP: 18/28 MP: 7/7
  1667 | D:2      | Noticed Terence
  1673 | D:2      | Killed Terence
  1673 | D:2      | Reached skill level 6 in Evocations
  1948 | D:3      | Reached XP level 5. HP: 23/33 MP: 10/10
  1970 | D:3      | Noticed Jessica
  1975 | D:3      | Killed Jessica
  1984 | D:3      | Found a blossoming altar of Fedhas.
  2007 | D:3      | Reached skill level 7 in Evocations
  2346 | D:3      | Found a glowing golden altar of the Shining One.
  2426 | D:3      | Reached XP level 6. HP: 38/38 MP: 13/13
  2635 | D:3      | Reached skill level 8 in Evocations
  2963 | D:3      | Found an iron altar of Okawaru.
  3627 | D:4      | Reached skill level 9 in Evocations
  3627 | D:4      | Reached XP level 7. HP: 43/43 MP: 15/17
  4033 | D:4      | Reached skill level 10 in Evocations
  4069 | D:4      | Found a staircase to the Ecumenical Temple.
  4075 | Temple   | Entered the Ecumenical Temple
  4079 | Temple   | Became a worshipper of Trog the Wrathful
  4159 | D:4      | Quit the game

Vanquished Creatures
  An ogre (D:4)
  A centaur (D:3)
  2 hounds
  2 orc priests (D:4)
  2 worker ants
  2 orc wizards
  Jessica (D:3)
  Terence (D:2)
  Robin (D:2)
  4 adders
  3 gnolls (D:3)
  2 worms (D:3)
  21 orcs
  3 bats
  9 giant cockroaches
  16 goblins
  8 hobgoblins
  5 jackals
  2 oozes
  A ball python skeleton (D:4)
  A giant gecko (D:3)
  7 giant newts
  A jackal skeleton (D:4)
  6 kobolds
  A quokka skeleton (D:4)
  8 rats
111 creatures vanquished.

Vanquished Creatures (collateral kills)
  2 orcs
2 creatures vanquished.

Vanquished Creatures (others)
  An orc (D:4)
1 creature vanquished.

Grand Total: 114 creatures vanquished
